Unix NetHack Version 3.7.0-80 Work-in-progress - last build Apr 3 2023 03:42:37 (19c2502d0eabe2b63ed744f02f09929013f2ca44,branch:master). Game began 2023-04-03 19:32:16, ended 2023-04-03 19:47:10. tromix, chaotic male human Ranger --- ---------- --.----.--.....### --...............|# ---- --................#--- --..--- |....----............------.....| |...-- |.......0...............| --...| --...............-----.-- |.|....| ----...............-- --- |.|-...---....--- ...........-- ---.-----..).---- ...........-- ............--- ........| -....---------- ..........| ----..........-- %.--hq@...--- ----------..---------.|--.....(.- --.....||<...| ---.--... ----..--[---- --- -. --....| ------ Tromix the Lookout St:16 Dx:11 Co:15 In:14 Wi:13 Ch:7 Chaotic Dlvl:4 $:98 HP:0(33) Pw:16(16) AC:5 Exp:4 T:2619 Latest messages: What do you want to use or apply? [jpvzF or ?*] F Your lamp is now on. You kill the gnome! You see here a scroll labeled KERNOD WEL. G - a scroll labeled KERNOD WEL. The gnome wields a very rusty dagger! You hit the gnome. You miss the gnome. The gnome thrusts her dagger. The gnome hits! You kill the gnome! H - a blue gem. You hear crashing rock. With great effort you move the boulder. You swap places with the peaceful imp. You swap places with the peaceful imp. You feel agile! You must have been working on your reflexes. The rothe hits! The rothe bites! The rothe bites again! You miss the rothe. The rothe hits! The rothe bites! The rothe just misses! You miss the rothe. You hit the rothe. The rothe just misses! The rothe bites! The rothe bites again! The dagger hits the rothe. You miss the rothe. The rothe hits! The rothe bites! The rothe just misses! You miss the rothe. You hit the rothe. You miss the rothe. The rothe misses! The rothe bites! The rothe bites again! The rothe misses! The rothe bites! The rothe bites again! You miss the rothe. The rothe hits! The rothe bites! The rothe bites again! You die... Do you want your possessions identified? [ynq] (y) q Inventory: Coins $ - 98 gold pieces Weapons c - 58 +2 arrows (in quiver) d - 36 +0 arrows r - 9 +0 arrows b - a +1 bow (alternate weapon; not wielded) a - a +1 dagger (weapon in hand) m - 2 +0 daggers w - a +0 elven spear Armor x - an uncursed +0 pair of iron shoes (being worn) B - an uncursed +0 pair of water walking boots e - an uncursed +2 cloak of displacement (being worn) Comestibles f - 3 uncursed cram rations Scrolls h - an uncursed scroll of blank paper l - a cursed scroll of confuse monster k - an uncursed scroll of create monster A - a blessed scroll of enchant armor C - an uncursed scroll of enchant weapon s - 2 uncursed scrolls of identify y - an uncursed scroll of light G - an uncursed scroll of light Spellbooks p - an uncursed spellbook of teleport away Wands v - a wand of create monster (0:10) j - a cursed wand of probing (0:3) Tools F - an uncursed oil lamp (lit) z - a +0 pick-axe Gems/Stones H - an uncursed worthless piece of blue glass n - 2 uncursed worthless pieces of green glass g - an uncursed worthless piece of violet glass D - 2 uncursed worthless pieces of violet glass Tromix the Ranger's attributes: Background: You were a Lookout, a level 4 male human Ranger. You were chaotic, on a mission for Mars who was opposed by Mercury (lawful) and Venus (neutral). You were in the Gnomish Mines, on level 4. You entered the dungeon 2619 turns ago. You had 146 experience points, 14 more were needed to attain level 5. Basics: You had 0 out of 33 hit points. You had all 16 energy points (spell power). Your armor class was 5. Your wallet contained 98 zorkmids. Autopickup was off. Final Characteristics: Your strength was 16 (limit:18/100). Your dexterity was 11 (limit:18). Your constitution was 15 (limit:18). Your intelligence was 14 (limit:18). Your wisdom was 13 (limit:18). Your charisma was 7 (limit:18). Final Status: You were not hungry. You were unencumbered. You were wielding a dagger. You had basic skill with dagger. Final Attributes: You were piously aligned. You were telepathic. You had automatic searching. You were displaced. You were warded. You are dead. Miscellaneous: You disabled loading of bones levels. Total elapsed playing time was 14 minutes and 53 seconds. Major events: Turn 1: tromix the chaotic male human Ranger entered the dungeon 772: entered the Gnomish Mines 1054: attained the rank of Lookout (level 3) 2619: killed by a rothe Vanquished creatures: a pony a gnome leader a straw golem a little dog a floating eye 2 dwarves 2 dwarf zombies a gas spore a cave spider 2 yellow molds 3 gnomes a garter snake 6 jackals a kobold 5 grid bugs 3 lichens 8 newts 40 creatures vanquished. No species were genocided or became extinct. Voluntary challenges: You read items or engraved 4 times. You never engraved Elbereth. You never genocided any monsters. You never polymorphed an object. You never changed form. You used no wishes. Achievements: You entered the Gnomish Mines. You attained the rank of Lookout. The Dungeons of Doom: levels 1 to 6 Level 1: Some fountains. Level 2: Level 3: Some graves. Stairs down to The Gnomish Mines. Level 4: Level 5: An altar, a fountain. Level 6: The Gnomish Mines: Level 4: <- You were here. Final resting place for you, killed by a rothe. Game over: ---------- / \ / REST \ / IN \ / PEACE \ / \ | tromix | | 98 Au | | killed by a | | rothe | | | | | | 2023 | *| * * * | * _________)/\\_//(\/(/\)/\//\/|_)_______ Goodbye tromix the Ranger... You died in The Gnomish Mines on dungeon level 4 with 933 points, and 98 pieces of gold, after 2619 moves. You were level 4 with a maximum of 33 hit points when you died.